 Dungeon Crawl Stone Soup version 0.29.1-12-g30fa7ad0bf (webtiles) character file.

Game seed: 2405550735297699359

2408 ChadusMaximus the Protected (level 9, -2/81 HPs)
             Began as a Minotaur Fighter on Dec 18, 2022.
             Was an Initiate of Okawaru.
             Slain by a gnoll
             ... wielding a +0 spear of venom
             ... led by a gnoll bouda
              (4 damage)
             ... on level 7 of the Dungeon.
             The game lasted 00:05:41 (7538 turns).

ChadusMaximus the Protected (Minotaur Fighter)      Turns: 7538, Time: 00:05:43

Health: -2/81      AC: 11    Str: 35    XL:     9   Next: 23%
Magic:  8/8        EV: 10    Int:  5    God:    Okawaru [......]
Gold:   333        SH:  6    Dex: 11    Spells: 8/8 levels left

rFire   . . .      SeeInvis +   y - +7 mace of Upinodic {vorpal, Str+5 SInv}
rCold   + . .      Faith    .   c - +0 buckler
rNeg    . . .      Spirit   .   b - +0 scale mail
rPois   .          Reflect  .   (helmet restricted)
rElec   .          Harm     .   s - +2 cloak {Stlth+}
rCorr   .          Rampage  .   (no gloves)
Will    .....                   (no boots)
Stlth   +.........              (no amulet)
HPRegen 0.23/turn               v - +6 ring of strength
MPRegen 0.11/turn               f - ring of protection from cold

@: lethally poisoned (-2 -> -23)
A: horns 2, retaliatory headbutt
a: Renounce Religion


You were on level 7 of the Dungeon.
You worshipped Okawaru.
Okawaru was noncommittal.
You visited 2 branches of the dungeon, and saw 8 of its levels.

You collected 367 gold pieces.
You spent 34 gold pieces at shops.

Inventory:

Hand Weapons
 a - a +0 war axe
 y - the +7 mace of Upinodic (weapon) {vorpal, Str+5 SInv}
   (You found it on level 4 of the Dungeon)

   It inflicts extra damage upon your enemies.
   Str:       It affects your strength (+5).
   SInv:      It lets you see invisible.
Armour
 b - a +0 scale mail (worn)
 c - a +0 buckler (worn)
 s - a +2 cloak of stealth (worn)
Jewellery
 f - a ring of protection from cold (right hand)
 v - a +6 ring of strength (left hand)
Wands
 k - a wand of mindburst (15)
 B - a wand of light (6)
Scrolls
 g - a scroll of torment {unknown}
 h - 9 scrolls of identify {unknown}
 j - 5 scrolls of teleportation {unknown}
 n - a scroll of summoning {unknown}
 p - a scroll of acquirement {unknown}
 q - a scroll of noise {unknown}
 w - 3 scrolls of blinking {unknown}
 x - 3 scrolls of fog {unknown}
 z - a scroll of silence {unknown}
 A - 2 scrolls of magic mapping {unknown}
 C - a scroll of fear {unknown}
 D - a scroll of vulnerability {unknown}
Potions
 d - 3 potions of might
 e - 2 potions of attraction {unknown}
 i - 2 potions of mutation {unknown}
 l - a potion of heal wounds {unknown}
 m - 2 potions of brilliance {unknown}
 o - 3 potions of lignification {unknown}
 r - 2 potions of cancellation {unknown}
 t - 3 potions of curing {unknown}
 u - a potion of haste {unknown}
 E - a potion of berserk rage {unknown}


   Skills:
 + Level 8.3 Fighting
 + Level 7.7 Axes
 + Level 8.4 Armour
 + Level 8.3 Shields


You had 8 spell levels left.
You didn't know any spells.
Your spell library contained the following spells:

 Spells                   Type           Power      Damage    Failure   Level
 Poisonous Vapours        Pois/Air       0%         N/A       86%         2
 Portal Projectile        Hex/Tloc       0%         N/A       98%         3
 Corpse Rot               Necr/Pois/Air  0%         N/A       100%        4
 Blade Hands              Tmut           0%         N/A       100%        5
 Tukima's Dance           Hex            Unusable   N/A       N/A         3

Dungeon Overview and Level Annotations

Branches:
Dungeon (7/15)             Temple (1/1) D:7

Altars:
Ashenzari
Cheibriados
Dithmenos
Elyvilon
Fedhas
Gozag
Hepliaklqana
Kikubaaqudgha
Nemelex Xobeh
Okawaru
Qazlal
Ru
Trog
Wu Jian
The Shining One

Shops:
D:4 *


Innate Abilities, Weirdness & Mutations

You have a pair of horns on your head.
You reflexively headbutt those who attack you in melee.


Message History

The orc warrior hits you with a +0 battleaxe!
The gnoll bouda utters an invocation to its god.
The gnoll bouda is healed somewhat.
You sock the gnoll bouda!
You kill the gnoll bouda!
Okawaru accepts your kill.
You feel very sick. You block the gnoll's attack. The orc barely misses you.
The orc warrior hits you with a +0 battleaxe.
You sock the orc warrior!
The orc warrior is heavily wounded.
You feel very sick. The gnoll hits you but does no damage.
You are more poisoned.
The orc hits you with a +0 short sword.
The orc warrior hits you with a +0 battleaxe!
* * * LOW HITPOINT WARNING * * *
The orc misses you.
The gnoll hits you from afar with a +0 spear of venom.
* * * LOW HITPOINT WARNING * * *
You are lethally poisoned!
You bludgeon the orc warrior!!
You kill the orc warrior!
Okawaru accepts your kill.
* * * LOW HITPOINT WARNING * * *
You feel very sick. The orc hits you with a +0 short sword.
* * * LOW HITPOINT WARNING * * *
The orc completely misses you. The gnoll hits you but does no damage.
You are more poisoned.
The orc hits you but does no damage. The orc hits you with a +0 club.
* * * LOW HITPOINT WARNING * * *
You sock the orc!
You kill the orc!
Okawaru accepts your kill.
* * * LOW HITPOINT WARNING * * *
You feel extremely sick.
The gnoll is no longer moving quickly.
The gnoll hits you from afar with a +0 spear of venom.
You die...

#..#.#.# ... ##..#.#.
#. ... # #...#)# #. ..
.# #...... #. ....#+
#(.....# ##. '#...
...###### .. ... ...#
# ##g##)###......#
#.#+#..#@).........#
......go########...###
........## #........#
.........# #........#
#
#....#.#.####........
##
#.#+...............#
#. #
#..#.#.###.......# ##.
#......#
#.......####..
#.#.#.##
#.......#....#


You could see a gnoll and an orc.

Vanquished Creatures
  Grinder (D:6)
  Sigmund (D:2)
  A vampire (D:6)
  A water moccasin (D:6)
  An orc warrior (D:7)
  A black bear (D:4)
  2 ogres
  A phantom (D:6)
  4 scorpions (D:5)
  A necrophage (D:6)
  4 wights
  3 hounds
  A jelly (D:5)
  3 gnoll boudas
  3 orc priests
  Crazy Yiuf (D:2)
  Ijyb (D:5)
  5 iguanas
  Natasha (twice) (D:2)
  18 gnolls
  6 adders
  An ufetubus (D:4)
  A worm (D:2)
  4 dart slugs
  15 orcs
  7 ball pythons
  4 bats
  10 endoplasms
  2 giant cockroaches
  9 hobgoblins
  4 jackals
  9 kobolds
  A quokka (D:1)
  3 frilled lizards
  8 goblins
  4 rats
143 creatures vanquished.

Notes
Turn   | Place    | Note
-------+----------+-------------------------------------------
     0 | D:1      | ChadusMaximus the Minotaur Fighter began the quest for the
                  | Orb.
     0 | D:1      | Reached XP level 1. HP: 19/19 MP: 0/0
   146 | D:1      | Reached XP level 2. HP: 17/27 MP: 1/1
   928 | D:1      | Reached XP level 3. HP: 33/33 MP: 2/2
  1269 | D:2      | Noticed Natasha
  1274 | D:2      | Killed Natasha
  1393 | D:2      | Reached XP level 4. HP: 40/40 MP: 3/3
  1595 | D:2      | Noticed Sigmund
  2052 | D:3      | Reached XP level 5. HP: 47/47 MP: 4/4
  2140 | D:3      | Found a stormy altar of Qazlal.
  2160 | D:3      | Found a sacrificial altar of Ru.
  2750 | D:2      | Killed Sigmund
  2751 | D:2      | Reached skill level 5 in Fighting
  2751 | D:2      | Reached skill level 5 in Armour
  2751 | D:2      | Reached skill level 5 in Shields
  2751 | D:2      | Reached XP level 6. HP: 37/56 MP: 5/5
  2941 | D:2      | Found a runed translucent door.
  2942 | D:2      | Noticed Crazy Yiuf
  2982 | D:2      | Noticed Natasha
  2984 | D:2      | Found a faded altar of an unknown god.
  2991 | D:2      | Killed Natasha
  3147 | D:2      | Killed Crazy Yiuf
  3240 | D:4      | Found Tiellug's Assorted Antiques.
  3433 | D:4      | Bought a murky silvery potion for 17 gold pieces
  3433 | D:4      | Bought a grey potion for 17 gold pieces
  3447 | D:4      | Found a broken altar of Ashenzari.
  4006 | D:4      | Identified the +7 mace of Upinodic {vorpal, Str+5 SInv}
  4059 | D:4      | Reached skill level 5 in Axes
  4059 | D:4      | Reached XP level 7. HP: 62/62 MP: 6/6
  4800 | D:5      | Entered Level 5 of the Dungeon
  5025 | D:5      | Noticed Ijyb
  5036 | D:5      | Killed Ijyb
  5582 | D:5      | Reached XP level 8. HP: 60/71 MP: 7/7
  6004 | D:6      | Noticed Grinder
  6011 | D:6      | Killed Grinder
  6605 | D:6      | Reached XP level 9. HP: 53/79 MP: 8/8
  7370 | D:7      | Found a staircase to the Ecumenical Temple.
  7388 | Temple   | Entered the Ecumenical Temple
  7444 | Temple   | Became a worshipper of Warmaster Okawaru
  7538 | D:7      | HP: 2/81 [poisoned by a gnoll]
  7538 | D:7      | Slain by a gnoll

Illustrated notes

Levels and vault maps discovered:
D:1:      ncdulo_lavacross, layout_basic
D:2:      layout_basic, nicolae_ecumenical_lake_church, uniq_natasha,
          uniq_crazy_yiuf_cottage, uniq_sigmund
D:3:      layout_basic, mainiacjoe_overflow_catch_the_wave
D:4:      minmay_evil_eye, layout_loops_cross, nicolae_ashenzari_skybound,
          serial_shops, nicolae_shop_temple_entry_statues_fountains
D:5:      layout_basic, uniq_ijyb
D:6:      layout_basic, st_stairs_3, uniq_grinder
D:7:      nzn_winding_woodlands_medium [nzn_winding_woodlands_5x5_three,
          nzn_winding_woodlands_5x15_default,
          nzn_winding_woodlands_5x5_open_star, nzn_winding_woodlands_hourglass,
          nzn_winding_woodlands_center_triple_pond,
          nzn_winding_woodlands_5x5_default,
          nzn_winding_woodlands_5x5_closed_star,
          nzn_winding_woodlands_5x15_sawtooth,
          nzn_winding_woodlands_5x5_checkerboard], layout_basic,
          minmay_temple_entry_grid, serial_shops, shop, serial_glass,
          glass_columns_a, glass_columns_a, minmay_small_thing
Temple:   nicolae_temple_godzebo

Skill      XL: |  1  2  3  4  5  6  7  8  9 |
---------------+----------------------------+-----
Armour         | 4 5 6 8 |  8.4
Fighting       | 4 5 6 7 8 |  8.3
Shields        | 4 5 6 8 |  8.3
Axes           | 3 4 5 6 7 |  7.7

Action                   |  1- 3 |  4- 6 |  7- 9 || total
-------------------------+-------+-------+-------++-------
Melee: War axe           |    59 |   116 |    16 ||   191
       Headbutt          |     8 |    18 |    25 ||    51
       Mace              |       |       |   129 ||   129
Armor: Scale mail        |    29 |    48 |    72 ||   149
Dodge: Dodged            |    28 |    55 |    67 ||   150
Block: Buckler           |    12 |    24 |    43 ||    79
